 Dungeon Crawl Stone Soup version 0.28-b1-25-g9875b3fc8c (webtiles) character file.

Game seed: 10362035201554501150

429 cayde69 the Covered (level 7, -8/45 (56) HPs)
             Began as a Formicid Fighter on Jan 31, 2022.
             Mangled by an iguana (11 damage)
             ... on level 3 of the Dungeon.
             The game lasted 00:10:39 (3677 turns).

cayde69 the Covered (Formicid Fighter)              Turns: 3677, Time: 00:10:40

HP:   -8/45 (56)    AC:  8    Str: 23    XL:     7   Next: 19%
MP:   7/7           EV: 10    Int:  7    God:
Gold: 41            SH:  4    Dex: 10    Spells: 6/6 levels left

rFire   . . .      SeeInvis +   a - +0 trident
rCold   . . .      Faith    .   c - +0 buckler
rNeg    . . .      Spirit   .   b - +0 scale mail
rPois   .          Reflect  .   (helmet unavailable)
rElec   .          Harm     .   (no cloak)
rCorr   .          Rampage  .   (no gloves)
Will    .....                   l - +0 pair of boots
Stlth   ..........              r - amulet of magic regeneration
HPRegen 0.15/turn               n - ring of flight
MPRegen 0.50/turn               (no ring)

@: mighty, flying, heavily drained
A: permanent stasis, dig shafts and tunnels, antennae 3, four strong arms
a: Dig, Shaft Self


You were on level 3 of the Dungeon.
You visited 1 branch of the dungeon, and saw 4 of its levels.

You collected 41 gold pieces.

Inventory:

Hand Weapons
 a - a +0 trident (weapon)
 d - a +0 scythe
Missiles
 t - 32 arrows
Armour
 b - a +0 scale mail (worn)
 c - a +0 buckler (worn)
 h - a +0 ring mail
 l - a +0 pair of boots (worn)
Jewellery
 n - a ring of flight (left hand)
 r - an amulet of magic regeneration (around neck)
Wands
 x - a wand of polymorph (9)
Scrolls
 f - a scroll of vulnerability {unknown}
 g - 3 scrolls of teleportation {unknown}
 j - 3 scrolls of magic mapping {unknown}
 k - 2 scrolls of identify {unknown}
 m - a scroll of fear {unknown}
 s - a scroll of torment {unknown}
Potions
 e - 2 potions of magic {unknown}
 i - a potion of resistance {unknown}
 o - a potion of curing
 p - 2 potions of cancellation {unknown}
 q - 2 potions of mutation {unknown}
 u - a potion of flight {unknown}
 w - a potion of degeneration {unknown}


   Skills:
 + Level 5.2 Fighting
 - Level 2.0 Polearms
 + Level 5.7 Armour
 * Level 3.3 Dodging
 - Level 3.6 Shields


You had 6 spell levels left.
You didn't know any spells.
Your spell library was empty.

Dungeon Overview and Level Annotations

Branches:
Dungeon (4/15)
 Temple: D:4-7

Altars:

Annotations:
D:4 Grinder


Innate Abilities, Weirdness & Mutations

You cannot be hasted, slowed, berserked, paralysed or teleported.
You can dig through walls and to a lower floor.
You have a pair of large antennae on your head. (SInv)
Your four strong arms can wield two-handed weapons with a shield.


Message History

You are frozen.
The orc closely misses you. The adder bites you but does no damage.
The iguana bites you. The jelly hits you but does no damage.
The orc hits you but does no damage. The endoplasm closely misses you.
You impale the jelly!!
You kill the jelly!
The adder closely misses you. The orc hits you with a +0 mace.
The orc hits you but does no damage. The iguana barely misses you.
The endoplasm misses you. The adder bites you.
You are too injured to fight recklessly!
You are too injured to fight recklessly!
You are too injured to fight recklessly!
You are too injured to fight recklessly!
You are too injured to fight recklessly!
You are too injured to fight recklessly!
You puncture the orc!
You kill the orc!
The orc hits you with a +0 falchion. The iguana bites you!
* * * LOW HITPOINT WARNING * * *
The adder barely misses you. You block the endoplasm's attack.
The adder bites you but does no damage. The orc closely misses you.
The endoplasm barely misses you.
Things that are here:
a +0 mace; an orc corpse You miss the adder.
The adder bites you but does no damage. You block the orc's attack.
The endoplasm freezes you.
You are frozen.
* * * LOW HITPOINT WARNING * * *
You block the iguana's attack. The adder bites you but does no damage.
Okay, then.
Non-targeted abil: Dig
Press: ? - help, Q - select action, (/) - cycle Dir - look around, f - activate You extend your mandibles.
You block the orc's attack. The endoplasm freezes you.
You are frozen.
* * * LOW HITPOINT WARNING * * *
The adder closely misses you. The iguana bites you!
You die...

#....# #....#
#....# #....###
#......##
#.......#####
#..†..#)....##
#..lo..####..###
#.S@J#.#
##...###
######.#
###...### #.#
###.... #.#
####. #.# #.
#.## ## #..#
######### ##.#
#........ #.#
######.##


You could see an iguana, an adder, an orc and an endoplasm.

Vanquished Creatures
  Sigmund (D:2)
  2 hounds (D:3)
  A jelly (D:3)
  An iguana (D:3)
  Ijyb (D:3)
  An orc wizard (D:3)
  4 adders
  A dart slug (D:3)
  7 orcs (D:3)
  6 endoplasms
  3 giant cockroaches (D:3)
  2 goblins (D:2)
  6 hobgoblins
  A quokka (D:2)
  7 ball pythons
  5 bats
  4 frilled lizards
  8 kobolds
  4 rats
65 creatures vanquished.

Notes
Turn   | Place    | Note
-------+----------+-------------------------------------------
     0 | D:1      | cayde69 the Formicid Fighter began the quest for the Orb.
     0 | D:1      | Reached XP level 1. HP: 18/18 MP: 1/1
   381 | D:1      | Reached XP level 2. HP: 24/24 MP: 2/2
   929 | D:2      | Found a faded altar of an unknown god.
  1048 | D:2      | Reached XP level 3. HP: 27/30 MP: 3/3
  1099 | D:2      | Reached skill level 1 in Dodging
  1455 | D:2      | Noticed Sigmund
  1471 | D:2      | Killed Sigmund
  1472 | D:2      | Reached XP level 4. HP: 15/38 MP: 4/4
  1472 | D:2      | Reached XP level 5. HP: 17/43 MP: 5/5
  1472 | D:2      | Reached XP level 6. HP: 19/49 MP: 6/6
  1989 | D:3      | Reached skill level 5 in Armour
  3079 | D:3      | Reached skill level 5 in Fighting
  3447 | D:3      | Noticed Ijyb
  3483 | D:3      | Killed Ijyb
  3577 | D:4      | Noticed Grinder
  3585 | D:3      | Reached XP level 7. HP: 32/41 MP: 7/7
  3677 | D:3      | Mangled by an iguana

Illustrated notes

Levels and vault maps discovered:
D:1:      lightli_arrival_noodles, layout_loops_ring
D:2:      layout_basic, ebering_ecumenical_altar_rust, minmay_tetromino_i2,
          uniq_sigmund
D:3:      layout_rooms, uniq_ijyb
D:4:      layout_basic, portal_sewer_entry_a, serial_shops, shop, st_stairs_14,
          uniq_grinder

Skill      XL: |  1  2  3  4  5  6 |
---------------+-------------------+-----
Dodging        | 2 3 |  3.3
Armour         | 4 5 |  5.7
Fighting       | 4 5 |  5.2
Polearms       | |  2.0
Shields        | |  3.6

Action                   |  1- 3 |  4- 6 |  7- 9 || total
-------------------------+-------+-------+-------++-------
Melee: Trident           |   103 |   160 |     8 ||   271
 Abil: Dig               |     1 |     3 |     1 ||     5
  Use: Potion            |     1 |       |     1 ||     2
Armor: Scale mail        |    32 |    78 |    17 ||   127
       Skin              |       |    12 |       ||    12
Dodge: Dodged            |    38 |    93 |    21 ||   152
Block: Buckler           |    17 |    39 |     6 ||    62
